 Dungeon Crawl Stone Soup version 0.21.0-3-g78d12a8 (webtiles) character file.

38319 JeffiDaFish the Cleaver (level 13, -2/116 HPs)
             Began as a Minotaur Fighter on Jan 14, 2018.
             Was the Champion of Okawaru.
             Slain by a death yak (9 damage)
             ... on level 5 of the Lair of Beasts.
             The game lasted 00:43:51 (17166 turns).

JeffiDaFish the Cleaver (Minotaur Fighter)         Turns: 17166, Time: 00:43:52

Health: -2/116     AC: 23    Str: 22    XL:     13   Next: 63%
Magic:  12/12      EV:  2    Int: 10    God:    Okawaru [******]
Gold:   288        SH:  0    Dex: 14    Spells: 12/12 levels left

rFire    . . .     SeeInvis +   D - +9 broad axe "Vicwyke" {freeze, MR- Int+3 SInv}
rCold    . . .     Gourm    .   c - +0 shield
rNeg     + + +     Faith    .   e - +4 chain mail
rPois    ∞         Spirit   .   C - +0 hat
rElec    .         Reflect  .   p - +0 cloak of the Elephant {rPois} (curse)
rCorr    .         Harm     .   q - +2 pair of gloves
MR       .....                  (no boots)
Stlth    ..........             l - amulet of rage
HPRegen  0.29/turn              m - ring of see invisible
MPRegen  0.13/turn              y - ring of positive energy

@: petrified
A: retaliatory headbutt, horns 2, icy blue scales 1, clever 1
a: Heroism, Finesse, Renounce Religion, Evoke Berserk Rage


You were on level 5 of the Lair of Beasts.
You worshipped Okawaru.
Okawaru was exalted by your worship.
You were hungry.

You visited 3 branches of the dungeon, and saw 18 of its levels.
You also visited: Ossuary.

You collected 970 gold pieces.
You spent 682 gold pieces at shops.

Inventory:

Hand Weapons
 k - the +3 war axe of Dyreqaxo {chop, *Rage rF+ Str+3 Dex+4}
   (Okawaru gifted it to you on level 11 of the Dungeon)

   It inflicts extra damage upon your enemies.
   It affects your strength (+3).
   It affects your dexterity (+4).
   It protects you from fire.
   It may make you go berserk in combat.
 r - the +6 flail of Causality {venom, +Fly Int+4 Dex+5}
   (You found it on level 7 of the Dungeon)

   It poisons the flesh of those it strikes.
   It affects your intelligence (+4).
   It affects your dexterity (+5).
   It lets you fly.
 D - the +9 broad axe "Vicwyke" (weapon) {freeze, MR- Int+3 SInv}
   (You bought it in a shop on level 7 of the Dungeon)

   It has been specially enchanted to freeze those struck by it, causing extra
   injury to most foes and up to half again as much damage against particularly
   susceptible opponents.
   It can also slow down cold-blooded creatures.
   It affects your intelligence (+3).
   It affects your resistance to hostile enchantments.
   It lets you see invisible.
 H - a +3 broad axe of flaming
Armour
 c - a +0 shield (worn)
 e - a +4 chain mail (worn)
 i - a +1 chain mail of cold resistance
 p - the cursed +0 cloak of the Elephant (worn) {rPois}
   (You bought it in a shop on level 7 of the Dungeon)

   It protects you from poison.
   It has a curse placed upon it.
 q - a +2 pair of gloves (worn)
 C - a +0 hat (worn)
Jewellery
 l - an amulet of rage (around neck)
 m - a ring of see invisible (left hand)
 y - a ring of positive energy (right hand)
Wands
 t - a wand of clouds (5)
Scrolls
 b - a scroll of magic mapping
 d - 2 scrolls of fear
 g - 15 scrolls of identify
 s - 5 scrolls of teleportation
 w - 7 scrolls of remove curse
 G - 2 scrolls of blinking
Potions
 a - 5 potions of flight
 h - 9 potions of curing
 n - a potion of berserk rage
 o - 7 potions of agility
 u - 3 potions of haste
 v - 4 potions of brilliance
 x - 2 potions of ambrosia
 z - a potion of magic
 A - a potion of resistance
 B - 3 potions of heal wounds
Comestibles
 f - 31 rations
 j - a chunk of flesh


   Skills:
 + Level 11.4 Fighting
 + Level 14.0(15.0) Axes
 - Level 9.3(12.8) Maces & Flails
 + Level 12.4 Armour
 * Level 9.6 Dodging
 - Level 1.5 Stealth
 + Level 12.3 Shields


You had 12 spell levels left.
You didn't know any spells.

Dungeon Overview and Level Annotations

Branches:
Dungeon (12/15)            Temple (1/1) D:7            Lair (5/6) D:11
 Shoals (0/4) Lair:2       Spider (0/4) Lair:4          Orc (0/2) D:11
  Slime: Lair:5-6

Altars:
Ashenzari
Cheibriados
Dithmenos
Gozag
Hepliaklqana
Kikubaaqudgha
Makhleb
Nemelex Xobeh
Okawaru
Qazlal
Sif Muna
Trog
Wu Jian
Xom
Zin

Shops:
D:7 (**((   D:9 [


Innate Abilities, Weirdness & Mutations

You reflexively headbutt those who attack you in melee.
You have a pair of horns on your head.
You are partially covered in icy blue scales. (AC +2)
Your mind is acute. (Int +2)


Message History

The black mamba bites you.
* * * LOW HITPOINT WARNING * * *
The death yak gores you but does no damage. x2
The basilisk bites you.
* * * LOW HITPOINT WARNING * * *
The death yak gores you!
* * * LOW HITPOINT WARNING * * *
The black mamba bites you!
* * * LOW HITPOINT WARNING * * *
The death yak gores you.
* * * LOW HITPOINT WARNING * * *
The death yak gores you but does no damage.
The death yak completely misses you. The black mamba bites you.
* * * LOW HITPOINT WARNING * * *
The basilisk barely misses you. The death yak gores you!
* * * LOW HITPOINT WARNING * * *
The black mamba completely misses you. The death yak gores you!
* * * LOW HITPOINT WARNING * * *
The death yak barely misses you. The death yak gores you!!
You die...

#..##.P....####....
##....P......#.....
#..................
####.................
#................###.
#................# .
##.#..%%P.............
.
#.....YY%............#
#.....Y@..............
......lSY..............
..........P.........
........#.##.......
.........## ......
#........ #....
......... .( ##........


You could see 4 death yaks, a black mamba and a basilisk.

Vanquished Creatures
  Gastronok (Lair:3)
  Snorg (Lair:3)
  2 hydras
  The ghost of DogShitOnMyToe the Geomancer, a journeyman OpEE of Cheibriados (Lair:3)
  Erica (D:8)
  2 death yaks (Lair:5)
  4 two-headed ogres
  A deep elf mage (D:12)
  Pikel (D:4)
  2 ugly things
  A manticore (D:11)
  A black mamba (Lair:3)
  A gargoyle (D:12)
  8 spiny frogs
  9 komodo dragons
  2 ice devils (D:12)
  3 jumping spiders (Lair:4)
  4 trolls
  A polar bear (Lair:3)
  8 blink frogs (Lair:1)
  A meliai zombie (D:11)
  4 hippogriffs
  A snapping turtle (Lair:2)
  A shadow (D:11)
  A vampire (D:12)
  2 spriggans
  A redback (Lair:4)
  22 yaks
  A basilisk (Lair:4)
  A wraith (D:11)
  6 wyverns
  Grum (D:7)
  8 vampire mosquitoes (D:12)
  2 hungry ghosts
  A steam dragon (D:9)
  23 water moccasins
  10 porcupines
  Duvessa (D:4)
  2 ice beasts
  2 orc warriors
  4 sky beasts
  2 black bears
  7 ogres
  2 phantoms
  15 wolves
  9 centaurs
  3 crocodiles
  A big kobold (D:8)
  10 bullfrogs
  Dowan (D:4)
  A wyvern zombie (D:7)
  A wyvern skeleton (D:7)
  2 scorpions
  9 killer bees
  2 electric eels (Lair:2)
  4 howler monkeys
  2 centaur zombies
  4 crimson imps
  2 quasits (D:10)
  2 jellies
  2 human zombies (Ossuary)
  A gnoll shaman (D:6)
  7 hounds
  3 orc priests
  A centaur skeleton (D:9)
  4 orc wizards
  3 bullfrog skeletons
  3 iguanas
  12 worker ants
  2 big kobold zombies (Ossuary)
  A hound zombie (D:7)
  2 hound skeletons
  4 mummies
  A howler monkey zombie (D:11)
  A howler monkey skeleton (D:10)
  8 gnolls (D:6)
  30 adders
  5 shadow imps
  2 oozes
  An adder skeleton (D:7)
  An adder zombie (D:9)
  2 worms
  4 dart slugs
  5 leopard geckos
  20 orcs
  9 bats
  7 giant cockroaches
  4 goblins
  5 hobgoblins
  2 jackals (D:5)
  3 quokkas
  6 frilled lizards
  3 goblin zombies (Ossuary)
  10 kobolds
  2 leopard gecko skeletons
  5 rats
  2 fungi (Lair:2)
  3 plants
414 creatures vanquished.

Vanquished Creatures (others)
  An adder (D:8)
  An adder skeleton (D:4)
  A leopard gecko (D:4)
  A kobold (D:8)
  3 fungi
7 creatures vanquished.

Grand Total: 421 creatures vanquished

Notes
Turn   | Place    | Note
-------+----------+-------------------------------------------
     0 | D:1      | JeffiDaFish the Minotaur Fighter began the quest for the Orb.
     0 | D:1      | Reached XP level 1. HP: 19/19 MP: 0/0
    74 | D:1      | Reached XP level 2. HP: 27/27 MP: 1/1
   304 | D:1      | Reached XP level 3. HP: 32/33 MP: 2/2
   538 | D:1      | Reached skill level 3 in Axes
   755 | D:2      | Found an ornate altar of the Wu Jian Council.
   897 | D:2      | You fall through a shaft for 2 floors!
  1089 | D:3      | Found a shimmering altar of Xom.
  1090 | D:3      | Found a hazy altar of Hepliaklqana.
  1090 | D:3      | Noticed a yak
  1091 | D:3      | Noticed a yak
  1091 | D:3      | Noticed a spectral ugly thing
  1239 | D:3      | Reached XP level 4. HP: 41/41 MP: 3/3
  1246 | D:3      | Found a shattered altar of Ashenzari.
  1624 | D:3      | You fall through a shaft for 2 floors!
  1624 | D:5      | Entered Level 5 of the Dungeon
  1674 | D:5      | Noticed a phantom
  1682 | D:5      | Killed a phantom
  1682 | D:5      | Reached skill level 4 in Axes
  1682 | D:5      | Reached skill level 5 in Shields
  1682 | D:5      | Reached XP level 5. HP: 47/47 MP: 4/4
  1698 | D:5      | Reached skill level 1 in Dodging
  1991 | D:4      | Reached XP level 6. HP: 42/55 MP: 5/5
  2132 | D:4      | Noticed Pikel
  2132 | D:4      | Noticed a slave
  2132 | D:4      | Noticed a slave
  2132 | D:4      | Noticed a slave
  2133 | D:4      | Noticed a slave
  2146 | D:4      | Killed Pikel
  2146 | D:4      | Reached skill level 5 in Fighting
  2146 | D:4      | Reached skill level 6 in Axes
  2146 | D:4      | Reached skill level 5 in Armour
  2146 | D:4      | Reached XP level 7. HP: 53/61 MP: 6/6
  2255 | D:4      | Noticed Duvessa
  2257 | D:4      | Noticed Dowan
  2262 | D:4      | Killed Duvessa
  2262 | D:4      | Reached skill level 7 in Axes
  2265 | D:4      | Killed Dowan
  2713 | D:5      | Reached XP level 8. HP: 67/69 MP: 7/7
  3092 | D:6      | Reached skill level 8 in Axes
  3130 | D:6      | Paralysed by fainting for 5 turns
  3694 | D:6      | Reached skill level 9 in Axes
  3715 | D:6      | Found a bloodstained altar of Trog.
  3824 | D:7      | Found Niyl's Weapon Boutique.
  3824 | D:7      | Found Diumm's Assorted Antiques.
  3829 | D:7      | Bought a glowing war axe for 175 gold pieces
  4036 | D:7      | Found a staircase to the Ecumenical Temple.
  4040 | D:7      | Got a twisted flail
  4041 | D:7      | Identified the +6 flail of Causality {venom, +Fly Int+4 Dex+5} (You found it on level 7 of the Dungeon)
  4054 | Temple   | Entered the Ecumenical Temple
  4094 | Temple   | Became a worshipper of Warmaster Okawaru
  4146 | D:7      | Found Jemeymon's Weapon Shop.
  4181 | D:7      | Found Unoukegg's Antique Weapon Emporium.
  4199 | D:7      | Reached XP level 9. HP: 63/78 MP: 8/8
  4205 | D:7      | Reached skill level 1 in Maces & Flails
  4346 | D:7      | Found an ancient bone altar of Kikubaaqudgha.
  4398 | D:7      | Found Lixt's Assorted Antiques.
  4789 | D:8      | Found a sand-covered staircase.
  4827 | Ossuary  | Entered an ossuary
  5363 | D:8      | Reached * piety under Okawaru
  5609 | D:8      | Noticed Grum
  5625 | D:8      | Reached skill level 5 in Maces & Flails
  5930 | D:7      | Killed Grum
  6270 | D:8      | Noticed Erica
  6282 | D:8      | Killed Erica
  6282 | D:8      | Reached ** piety under Okawaru
  6282 | D:8      | Reached XP level 10. HP: 69/86 MP: 9/9
  6583 | D:8      | Found a burning altar of Makhleb.
  6699 | D:9      | Noticed a two-headed ogre
  6708 | D:9      | Killed a two-headed ogre
  7069 | D:9      | Reached *** piety under Okawaru
  7156 | D:9      | Found Moyfro's Antique Armour Shop.
  7229 | D:7      | Bought a faintly glowing broad axe for 270 gold pieces
  7229 | D:7      | Identified the +9 broad axe "Vicwyke" {freeze, MR- Int+3 SInv} (You bought it in a shop on level 7 of the Dungeon)
  7350 | D:9      | You fall through a shaft for 3 floors!
  7502 | D:12     | Noticed a two-headed ogre
  7513 | D:12     | Killed a two-headed ogre
  7513 | D:12     | Reached skill level 10 in Axes
  7593 | D:12     | Reached **** piety under Okawaru
  7780 | D:12     | Reached skill level 1 in Stealth
  7780 | D:12     | Reached XP level 11. HP: 56/95 MP: 10/10
  7794 | D:11     | Found a staircase to the Lair.
  8064 | D:11     | Noticed a four-headed hydra
  8074 | D:11     | Killed a four-headed hydra
  8396 | D:11     | Reached skill level 11 in Axes
  8424 | D:11     | Noticed a two-headed ogre
  8429 | D:11     | Killed a two-headed ogre
  8429 | D:11     | Reached ***** piety under Okawaru
  8597 | D:11     | Reached skill level 10 in Armour
  8733 | D:11     | Received a gift from Okawaru
  8743 | D:11     | Got a transparent war axe {god gift}
  8744 | D:11     | Identified the +3 war axe of Dyreqaxo {chop, *Rage rF+ Str+3 Dex+4} (Okawaru gifted it to you on level 11 of the Dungeon)
  9060 | D:11     | Noticed a two-headed ogre
  9065 | D:11     | Killed a two-headed ogre
  9081 | D:11     | Found a staircase to the Orcish Mines.
  9220 | D:11     | Noticed a white ugly thing
  9228 | D:11     | Killed a white ugly thing
  9405 | D:11     | Reached skill level 12 in Axes
  9640 | D:12     | Reached skill level 10 in Shields
  9870 | D:12     | Noticed a green ugly thing
  9879 | D:12     | Killed a green ugly thing
  9879 | D:12     | Received a gift from Okawaru
 10097 | D:12     | Noticed a deep elf mage
 10105 | D:12     | Killed a deep elf mage
 10147 | D:12     | Reached XP level 12. HP: 101/105 MP: 11/11
 10579 | D:10     | Entered Level 10 of the Dungeon
 10859 | D:10     | Found a snail-covered altar of Cheibriados.
 11436 | Lair:1   | Entered Level 1 of the Lair of Beasts
 11731 | Lair:1   | Gained mutation: Your mind is acute. (Int +2) [potion of mutation]
 11731 | Lair:1   | Gained mutation: You are partially covered in icy blue scales. (AC +2) [potion of mutation]
 12095 | Lair:1   | Reached skill level 13 in Axes
 12095 | Lair:1   | Reached skill level 5 in Dodging
 12150 | Lair:1   | Reached skill level 10 in Fighting
 12439 | Lair:1   | Got a crude hat
 12445 | Lair:1   | Identified the +2 hat "Himp" {-Tele rElec rF+ rC+} (You found it on level 1 of the Lair of Beasts)
 12753 | Lair:2   | Noticed a seven-headed hydra
 12861 | Lair:2   | Killed a seven-headed hydra
 13258 | Lair:2   | Received a gift from Okawaru
 13583 | Lair:2   | Found a staircase to the Shoals.
 14630 | D:7      | Bought a twisted cloak for 237 gold pieces
 14635 | D:7      | Identified the cursed +0 cloak of the Elephant {rPois} (You bought it in a shop on level 7 of the Dungeon)
 14966 | Lair:3   | Reached XP level 13. HP: 109/114 MP: 12/12
 15050 | Lair:3   | Noticed DogShitOnMyToe's ghost (journeyman OpEE)
 15067 | Lair:3   | Killed DogShitOnMyToe's ghost
 15095 | Lair:3   | Noticed Gastronok
 15126 | Lair:3   | Killed Gastronok
 15414 | Lair:3   | Noticed Snorg
 15424 | Lair:3   | Killed Snorg
 15424 | Lair:3   | Reached ****** piety under Okawaru
 15424 | Lair:3   | Received a gift from Okawaru
 15864 | Lair:4   | Found a hole to the Spider Nest.
 17063 | Lair:5   | Reached skill level 14 in Axes
 17166 | Lair:5   | Slain by a death yak

Skill      XL: |  1  2  3  4  5  6  7  8  9 10 11 12 13 |
---------------+----------------------------------------+-----
Fighting       | 4 5 6 7 8 9 10 11 | 11.4
Shields        | 4 5 6 7 8 9 10 11 12 | 12.3
Armour         | 4 5 7 8 9 10 11 12 | 12.4
Axes           | 3 4 6 7 9 10 12 13 14 | 14.0
Dodging        | 1 2 3 7 9 |  9.6
Maces & Flails | 7 9 |  9.3
Stealth        | 1 |  1.5

Action                   |  1- 3 |  4- 6 |  7- 9 | 10-12 | 13-15 || total
-------------------------+-------+-------+-------+-------+-------++-------
Melee: War axe           |   107 |    64 |   151 |   260 |       ||   582
       Headbutt          |    17 |    18 |    58 |   123 |    27 ||   243
       Flail             |       |       |   146 |    73 |       ||   219
       Broad axe         |       |       |       |   199 |   167 ||   366
  Use: Scroll            |     6 |     2 |     9 |     3 |     4 ||    24
       Potion            |     5 |       |     6 |     4 |     1 ||    16
  Eat: Chunk             |     1 |     3 |     8 |    27 |     6 ||    45
       Ration            |       |       |     3 |     1 |       ||     4
Armor: Scale mail        |    24 |       |       |       |       ||    24
       Chain mail        |    26 |    38 |   110 |   191 |   104 ||   469
Dodge: Dodged            |    35 |    14 |    66 |   155 |    71 ||   341
Block: Shield            |    54 |    36 |   162 |   289 |    92 ||   633
